 Dungeon Crawl Stone Soup version 0.22-a0-608-g8a62e23 (webtiles) character file.

46 sking99 the Insei (level 3, 0/29 HPs)
             Began as a Draconian Transmuter on July 9, 2018.
             Was an Initiate of Okawaru.
             Slain by Sigmund
             ... wielding a cursed -2 scythe
              (8 damage)
             ... on level 2 of the Dungeon.
             The game lasted 00:02:28 (1740 turns).

sking99 the Insei (Draconian Transmuter)            Turns: 1740, Time: 00:02:28

Health: 0/29       AC:  5    Str: 12    XL:     3   Next: 46%
Magic:  2/6        EV: 12    Int: 13    God:    Okawaru [......]
Gold:   68         SH:  0    Dex: 12    Spells: 3/6 levels left

rFire    . . .     SeeInvis .     - Unarmed
rCold    . . .     Gourm    .   (no shield)
rNeg     . . .     Faith    .   (armour unavailable)
rPois    .         Spirit   .   (helmet restricted)
rElec    .         Reflect  .   (no cloak)
rCorr    .         Harm     .   (no gloves)
MR       .....                  (no boots)
Stlth    +.........             (no amulet)
HPRegen  0.09/turn              (no ring)
MPRegen  0.10/turn              (no ring)

@: no status effects
A: unfitting armour, cold-blooded, AC +5
a: Renounce Religion


You were on level 2 of the Dungeon.
You worshipped Okawaru.
Okawaru was noncommittal.
You were hungry.

You visited 1 branch of the dungeon, and saw 2 of its levels.

You collected 68 gold pieces.

Inventory:

Missiles
 a - 9 arrows
Jewellery
 d - an uncursed ring of see invisible {unknown}
Scrolls
 b - a scroll of identify {unknown}
 e - a scroll of noise {unknown}
Potions
 f - a potion of resistance {unknown}
 g - 2 potions of agility {unknown}
Comestibles
 c - 7 rations


   Skills:
 + Level 2.0 Fighting
 - Level 1.7 Dodging
 * Level 3.8 Unarmed Combat
 - Level 2.0 Spellcasting
 + Level 2.5 Transmutations


You had 3 spell levels left.
You knew the following spells:

 Your Spells              Type           Power        Failure   Level  Hunger
a - Beastly Appendage     Tmut           #.....       9%          1    ##.....
b - Sticks to Snakes      Tmut           #.......     14%         2    ###....

Your spell library contained the following spells:

 Spells                   Type           Power        Failure   Level  Hunger
 Spider Form              Tmut/Pois      #.........   41%         3    ####...
 Blade Hands              Tmut           #.........   94%         5    ######.
 Ice Form                 Ice/Tmut       #.......     83%         4    #####..


Dungeon Overview and Level Annotations

Branches:
Dungeon (2/15)

Altars:
Okawaru

Annotations:
D:1 exclusion: 2 downstairs
D:2 Sigmund


Innate Abilities, Weirdness & Mutations

Your plain brown scales are hard. (AC +5)
You cannot fit into any form of body armour.
You are cold-blooded and may be slowed by cold attacks.


Message History

Deactivating autopickup; reactivate with Ctrl-A.
You hear some strange, mumbled words.
You are confused.
Something hits you. Something hits you but does no damage.
Something hits you but does no damage.
You feel less confused.
You hear some strange, mumbled words.
A puff of flame appears from out of thin air!
The puff of flame hits you!
You closely miss something. Something hits you.
You hit something. Something barely misses you.
You miss something.
Your tail-slap misses something.
You hit something. Something hits you but does no damage.
You hit something.
Your tail-slap misses something.
Something hits you!
You swap places.
Something hits you.
* * * LOW HITPOINT WARNING * * *
Something hits you!
You die...

#.# .... #.#
###..#########.####
#<#..##............
#.#..##.######.#.## #
#.#..##.# #.#.#
#.#.#..##.# #.#.#
#.#.#S.##.# #.#.# .
#..รท@S.##.## #.#.#
...###.#S.....#####.#.#
.......#...#..........#
#.#....###...###...#
@.....
#.#............#...#
#.... #
#..#.).).#)..#...#
#....
#.##.._..##..#...#
#....
#..#.).).#......##
#...#
#####............####


You could see a friendly adder and 2 friendly ball pythons.

Vanquished Creatures
  A gnoll (D:1)
  An ooze (D:2)
  2 dart slugs (D:1)
  A leopard gecko (D:1)
  A ball python (D:2)
  4 goblins
  A hobgoblin (D:1)
  2 jackals (D:2)
  3 bats (D:1)
  2 frilled lizards (D:1)
  4 kobolds (D:1)
  9 rats
31 creatures vanquished.

Notes
Turn   | Place    | Note
-------+----------+-------------------------------------------
     0 | D:1      | sking99 the Draconian Transmuter began the quest for the Orb.
     0 | D:1      | Reached XP level 1. HP: 16/16 MP: 3/3
   183 | D:1      | Reached XP level 2. HP: 15/23 MP: 5/5
   187 | D:1      | Learned a level 2 spell: Sticks to Snakes
   922 | D:1      | Reached XP level 3. HP: 29/29 MP: 6/6
  1282 | D:2      | Noticed Sigmund
  1372 | D:2      | Found an iron altar of Okawaru.
  1404 | D:2      | Became a worshipper of Warmaster Okawaru
  1740 | D:2      | Slain by Sigmund

Vault maps used:
D:1:      dpeg_arrival_water_fire
D:2:      minmay_wonky_spiral, okawaru_ov_weapons_minmay, uniq_robin,
          uniq_sigmund, uniq_jessica, uniq_crazy_yiuf_cottage

Skill      XL: |  1  2  3 |
---------------+----------+-----
Fighting       | 2 |  2.0
Dodging        | |  1.7
Unarmed Combat | |  3.8
Spellcasting   | |  2.0
Transmutations | |  2.5

Action                   || total
-------------------------++-------
Melee: Unarmed           ||   112
       Tailslap          ||     7
 Cast: Sticks to Snakes  ||     3
 Stab: Sleeping          ||     2
  Eat: Chunk             ||     2
Armor: Skin              ||    31
Dodge: Dodged            ||    62

Table legend:
 A = Spawn XP
 B = Non-spawn XP
 C = Spawn XP percentage of total XP
 D = Spawn monster count
 E = Non-spawn monster count
 F = Spawn count percentage of total count
 G = Total turns spent on level
                    A         B        C        D         E        F      G
               +---------+---------+-------+---------+---------+-------+---------
         Total |       0 |      67 |   0.0 |       0 |      31 |   0.0 |  1740
               +---------+---------+-------+---------+---------+-------+---------
           D:1 |       0 |      47 |   0.0 |       0 |      22 |   0.0 |  1513
           D:2 |       0 |      20 |   0.0 |       0 |       9 |   0.0 |   227
               +---------+---------+-------+---------+---------+-------+---------
